 Dungeon Crawl Stone Soup version 0.31-a0-988-g08d55dae12 (webtiles) character file.

Game seed: 7880112938757250741

79 Pixllover the Ruffian (level 4, -7/34 HPs)
             Began as a Gnoll Shapeshifter on Nov 4, 2023.
             Mangled by Sigmund
             ... wielding a +0 scythe
              (11 damage)
             ... on level 2 of the Dungeon.
             The game lasted 00:02:25 (990 turns).

Pixllover the Ruffian (Gnoll Shapeshifter)           Turns: 990, Time: 00:02:25

Health: -7/34      AC:  2    Str: 15    XL:     4   Next: 37%
Magic:  5/5        EV: 13    Int: 10    God:
Gold:   93         SH:  0    Dex: 11    Spells: 5/5 levels left

rFire   . .          .
                       - Unarmed
rCold   . . .        (no shield)
rNeg    . . .        a - +0 animal skin
rPois   .            (helmet currently unavailable)
rElec   .            (cloak currently unavailable)
rCorr   .            (gloves currently unavailable)
SInv    .            (boots currently unavailable)
Will    .....        (no amulet)
Stlth   +            (no ring)
HPRegen 0.25/turn    (no ring)
MPRegen 0.09/turn

%: no passive effects
@: beast-form
A: beast (slay +3), fangs 1, strong nose, distributed training
a: Begin Untransformation


You were on level 2 of the Dungeon.
You were a hulking beast.
You visited 1 branch of the dungeon, and saw 2 of its levels.

You collected 93 gold pieces.

Inventory:

Armour
 a - a +0 animal skin (worn)
Jewellery
 g - an amulet of guardian spirit
Talismans
 c - a beast talisman
 d - a flux talisman
Scrolls
 f - a scroll of amnesia {unknown}
 h - 2 scrolls of identify {unknown}
Potions
 b - 2 potions of lignification
 e - a potion of berserk rage {unknown}
 i - a potion of cancellation {unknown}


   Skills:
 + Level 2.7 Fighting
 + Level 1.1 Short Blades
 + Level 1.1 Long Blades
 + Level 1.1 Axes
 + Level 1.1 Maces & Flails
 + Level 1.1 Polearms
 + Level 1.1 Staves
 + Level 1.1 Ranged Weapons
 + Level 1.1 Throwing
 + Level 1.1 Armour
 + Level 4.6 Dodging
 + Level 1.1 Stealth
 + Level 1.1 Shields
 + Level 6.6 Unarmed Combat
 + Level 1.1 Spellcasting
 + Level 0.9 Conjurations
 + Level 0.9 Hexes
 + Level 0.9 Summonings
 + Level 0.9 Necromancy
 + Level 0.9 Translocations
 + Level 0.9 Transmutations
 + Level 0.9 Fire Magic
 + Level 0.9 Ice Magic
 + Level 0.9 Air Magic
 + Level 0.9 Earth Magic
 + Level 0.9 Poison Magic
 + Level 1.2 Invocations
 + Level 1.1 Evocations
 + Level 6.5 Shapeshifting


You had 5 spell levels left.
You didn't know any spells.
Your spell library contained the following spells:

 Spells                   Type           Power      Damage    Failure   Level
 Necrotise                Necr           8%         1d4       24%         1
 Cigotuvi's Dreadful Rot  Necr/Pois/Air  4%         N/A       34%         2
 Call Canine Familiar     Summ           2%         N/A       56%         3
 Ignite Poison            Fire/Tmut/Pois 2%         N/A       56%         3
 Sigil of Binding         Hex            2%         N/A       56%         3
 Vampiric Draining        Necr           2%         2d6       56%         3
 Dimensional Bullseye     Hex/Tloc       1%         N/A       93%         4
 Leda's Liquefaction      Hex/Erth       1%         N/A       93%         4
 Agony                    Necr           2%         N/A       100%        5
 Freezing Cloud           Conj/Ice/Air   1%         6-21      100%        5


Dungeon Overview and Level Annotations

Branches:
Dungeon (2/15)

Altars:

Annotations:
D:2 Sigmund


Innate Abilities, Weirdness & Mutations

You are a hulking beast.
Your limbs bulge with bestial killing power. (Slay +3)
You have very sharp teeth.
Your uncanny sense of smell can sniff out nearby items.
Your experience applies equally to all skills.


Message History

The adder bites you.
You are poisoned.
The adder poisons you!
You miss the adder. You punch the adder!
The adder is heavily wounded.
You feel sick. The adder bites you but does no damage.
You hit the adder. You bite the adder.
You kill the adder!
You feel sick.
An adder comes into view.
You feel sick. Sigmund barely misses you.
You feel sick.
A ball python comes into view.
Sigmund is suddenly surrounded by pale red light.
Sigmund completely misses you.
You closely miss Sigmund.
You feel sick.
You hit Sigmund. Your bite misses Sigmund.
Sigmund is moderately wounded.
You feel sick. Sigmund misses you.
You hit Sigmund.
Sigmund is moderately wounded.
You feel sick.
You are no longer poisoned.
You punch Sigmund!
Sigmund is heavily wounded.
Sigmund hits you with a +0 scythe!
You closely miss Sigmund.
Sigmund is heavily wounded.
You punch Sigmund! Your punch misses Sigmund.
Sigmund is almost dead.
Sigmund casts a spell at you. The puff of flame hits you!
* * * LOW HITPOINT WARNING * * *
You closely miss Sigmund.
Sigmund is almost dead.
Sigmund mumbles some strange words.
Sigmund flickers and vanishes!
Deactivating autopickup; reactivate with Ctrl-A.
You closely miss something. Your bite misses something. Something hits you!
You die...

....#.#### #.# . # #...#....# #.#
#. #. #...#....# #.# #.
####.##...#....# ##.# #.
...............+ .># #. .......#
#....# #.# #.
##.#..#.###....####.###.
.....S{h................
...#..#.###....####.###. #.
#.###............. #
#.....#.#.##..###.
...#..#####.#.#.##.####.
......................#.
.##......................
..........<...<.........
######.#.##.....#.........#.##.##


You could see an adder.

Vanquished Creatures
  3 adders (D:2)
  2 worms (D:2)
  5 ball pythons
  4 bats (D:1)
  3 endoplasms (D:1)
  6 goblins
  3 hobgoblins (D:1)
  3 jackals (D:1)
  2 kobolds
  3 quokkas (D:1)
  3 frilled lizards
  5 rats
42 creatures vanquished.

Notes
Turn   | Place    | Note
-------+----------+-------------------------------------------
     0 | D:1      | Pixllover the Gnoll Shapeshifter began the quest for the
                  | Orb.
     0 | D:1      | Reached XP level 1. HP: 17/17 MP: 1/1
    82 | D:1      | Reached XP level 2. HP: 23/23 MP: 2/2
   470 | D:1      | Reached XP level 3. HP: 17/28 MP: 3/3
   630 | D:1      | Reached skill level 1 in Invocations
   775 | D:2      | Reached skill level 1 in Short Blades
   775 | D:2      | Reached skill level 1 in Long Blades
   775 | D:2      | Reached skill level 1 in Axes
   775 | D:2      | Reached skill level 1 in Maces & Flails
   775 | D:2      | Reached skill level 1 in Polearms
   775 | D:2      | Reached skill level 1 in Staves
   775 | D:2      | Reached skill level 1 in Ranged Weapons
   775 | D:2      | Reached skill level 1 in Throwing
   775 | D:2      | Reached skill level 1 in Armour
   775 | D:2      | Reached skill level 1 in Stealth
   775 | D:2      | Reached skill level 1 in Shields
   775 | D:2      | Reached skill level 1 in Spellcasting
   775 | D:2      | Reached skill level 1 in Evocations
   908 | D:2      | Reached XP level 4. HP: 30/34 MP: 5/5
   977 | D:2      | Noticed Sigmund
   990 | D:2      | Mangled by Sigmund

Illustrated notes

Levels and vault maps discovered:
D:1:      dpeg_arrival_shelter, layout_basic, grunt_decor_cap, minmay_tromino_v7
D:2:      layout_basic, uniq_sigmund

Skill      XL: |  1  2  3 |
---------------+----------+-----
Invocations    | 1 |  1.2
Short Blades   | 1 |  1.1
Long Blades    | 1 |  1.1
Axes           | 1 |  1.1
Maces & Flails | 1 |  1.1
Polearms       | 1 |  1.1
Staves         | 1 |  1.1
Ranged Weapons | 1 |  1.1
Throwing       | 1 |  1.1
Armour         | 1 |  1.1
Stealth        | 1 |  1.1
Shields        | 1 |  1.1
Spellcasting   | 1 |  1.1
Evocations     | 1 |  1.1
Fighting       | |  2.7
Dodging        | |  4.6
Unarmed Combat | |  6.6
Conjurations   | |  0.9
Hexes          | |  0.9
Summonings     | |  0.9
Necromancy     | |  0.9
Translocations | |  0.9
Transmutations | |  0.9
Fire Magic     | |  0.9
Ice Magic      | |  0.9
Air Magic      | |  0.9
Earth Magic    | |  0.9
Poison Magic   | |  0.9
Shapeshifting  | |  6.5

Action                     |  1- 3 |  4- 6 || total
---------------------------+-------+-------++-------
  Melee: Unarmed           |    88 |    15 ||   103
         Bite              |     2 |     2 ||     4
         Punch             |       |     1 ||     1
 Armour: Animal skin       |    63 |     6 ||    69
  Dodge: Dodged            |    95 |     5 ||   100

Table legend: (Time is in decaauts)
 A = Elapsed time spent in this place.
 B = Non-inter-level travel time spent in this place.
 C = Inter-level travel time spent in this place.
 D = Time resting spent in this place.
 E = Time spent auto-exploring this place.
 F = Levels seen in this place.
 G = Mean time per level.
                   A        B        C        D        E       F      G
               +--------+--------+--------+--------+--------+-----+--------+
         Total |    977 |    955 |     22 |     74 |    492 |   2 |  488.5 |
       Dungeon |    977 |    955 |     22 |     74 |    492 |   2 |  488.5 |
               +--------+--------+--------+--------+--------+-----+--------+

Top non-repeatable levels by time:
     D:1: 742 daAuts
     D:2: 234 daAuts
